 Dungeon Crawl Stone Soup version 0.27-a0-951-gae3e1deef5 (webtiles) character file.

Game seed: 1652517077705796465

321067 Starbright the Slayer (level 21, -2/146 (153) HPs)
             Began as a Gargoyle Fighter on Apr 11, 2021.
             Was the Champion of Ru.
             Killed from afar by an acid blob (4 damage)
             ... with a splash of acid
             ... on level 5 of the Pits of Slime.
             The game lasted 02:04:25 (51198 turns).

Starbright the Slayer (Gargoyle Fighter)           Turns: 51198, Time: 02:04:25

HP:   -2/146 (153)  AC: 31    Str: 37    XL:     21   Next: 51%
MP:   25/25         EV: 10    Int: 16    God:    Ru [******]
Gold: 3679          SH:  0    Dex:  7    Spells: 20/20 levels left

rFire    + + .     SeeInvis +   Y - +8 morningstar "Digafiak" {freeze, Will- Int+5}
rCold    + + .     Faith    .   r - +1 kite shield {rC+ rF+}
rNeg     + . .     Spirit   .   h - +2 storm dragon scales {Bai Suzhen}
rPois    ∞         Reflect  +   w - +0 helmet
rElec    +         Harm     .   N - +1 cloak {rCorr}
rCorr    +         Rampage  .   X - +2 pair of gloves
Will     .....     Rnd*Rage +   v - +0 pair of boots "Cutuk" {MP+9 Int+4}
Stlth    ..........             o - amulet of reflection
HPRegen  0.34/turn              P - +4 ring of slaying
MPRegen  0.19/turn              R - ring of the Circus Animal {+Blink rC+ Str+5 SInv}

@: confused, exhausted, marked, corroded, unable to read, flying, very slightly
contaminated, lightly drained, invisible
A: AC +16, big wings, clumsy 1, dopey 1, low mp 2, negative energy resistance 1,
screaming 1, electricity resistance, torment resistance 1, unbreathing 1,
petrification resistance, inability to read while threatened, no stealth, hated
by all, no earth magic, no hexes magic, no translocations magic, berserk 1,
deformed body, deterioration 1, fire resistance 1, strong 1, no potion heal 1
}: 2/15 runes: decaying, serpentine
a: Renounce Religion, Evoke Blink, Draw Out Power, Power Leap, Apocalypse


You were on level 5 of the Pits of Slime.
You worshipped Ru.
Ru was exalted by your worship.
You visited 8 branches of the dungeon, and saw 39 of its levels.
You also visited: Ice Cave and Volcano.

You collected 6614 gold pieces.
You spent 2935 gold pieces at shops.

Inventory:

Hand Weapons
 u - a +0 demon whip
 Y - the +8 morningstar "Digafiak" (weapon) {freeze, Will- Int+5}
   (You found it on level 10 of the Dungeon)

   It has been specially enchanted to freeze those struck by it, causing extra
   injury to most foes and up to half again as much damage against particularly
   susceptible opponents.
   It can also slow down cold-blooded creatures.
   It affects your intelligence (+5).
   It decreases your willpower.
Missiles
 b - 7 atropa-tipped darts
 c - 14 javelins
 m - 6 boomerangs of dispersal
 G - 10 curare-tipped darts
Armour
 h - +2 storm dragon scales (worn) {Bai Suzhen}
 r - a +1 kite shield of resistance (worn)
 v - the +0 pair of boots "Cutuk" (worn) {MP+9 Int+4}
   (You found it on level 4 of the Dungeon)

   It affects your intelligence (+4).
   It affects your magic capacity (+9).
 w - a +0 helmet (worn)
 N - a +1 cloak of preservation (worn)
 X - a +2 pair of gloves (worn)
Jewellery
 o - an amulet of reflection (around neck)
 z - a ring of willpower
 P - a +4 ring of slaying (left hand)
 R - the ring of the Circus Animal (right hand) {+Blink rC+ Str+5 SInv}
   (You found it on level 6 of the Lair of Beasts)

   [ring of see invisible]

   It affects your strength (+5).
   It protects you from cold.
   It lets you see invisible.
   It lets you blink.
 T - a ring of fire
Wands
 a - a wand of random effects (10)
 j - a wand of acid (17)
 l - a wand of iceblast (4)
 n - a wand of polymorph (27)
 s - a wand of mindburst (12)
 y - a wand of digging (18)
 M - a wand of flame (37) (quivered)
 V - a wand of paralysis (28)
Scrolls
 g - 6 scrolls of fog
 k - 5 scrolls of fear
 q - 2 scrolls of holy word
 t - 4 scrolls of silence
 x - 4 scrolls of enchant armour
 D - a scroll of magic mapping
 J - 2 scrolls of immolation
 O - 8 scrolls of teleportation
 Q - 8 scrolls of enchant weapon
 W - 2 scrolls of blinking
 Z - 2 scrolls of amnesia
Potions
 d - 5 potions of might
 e - a potion of cancellation
 f - 6 potions of curing
 i - a potion of invisibility
 A - 5 potions of magic
 B - a potion of heal wounds
 C - 8 potions of ambrosia
 E - 4 potions of lignification
 F - 6 potions of resistance
 L - 2 potions of haste
 S - 2 potions of attraction
 U - 3 potions of berserk rage
Miscellaneous
 H - a phial of floods
 I - a tin of tremorstones (inert)
 K - a condenser vane (inert)


   Skills:
 + Level 23.3 Fighting
 - Level 14.0 Maces & Flails
 + Level 21.9 Armour
 - Level 15.0 Shields
 - Level 12.0 Evocations


You had 20 spell levels left.
You didn't know any spells.
Your spell library contained the following spells:

 Spells                   Type           Power      Damage    Failure   Level
 Beastly Appendage        Tmut           0%         N/A       45%         1
 Foxfire                  Conj/Fire      0%         2x1d4     45%         1
 Sting                    Tmut/Pois      0%         1d3       45%         1
 Corpse Rot               Necr/Air       N/A        N/A       61%         2
 Poisonous Vapours        Pois/Air       0%         N/A       61%         2
 Wereblood                Tmut           0%         N/A       61%         2
 Conjure Flame            Conj/Fire      0%         6-21      83%         3
 Spider Form              Tmut/Pois      0%         N/A       83%         3
 Ice Form                 Ice/Tmut       0%         N/A       99%         4
 Sticky Flame             Conj/Fire      0%         2d3       99%         4
 Fireball                 Conj/Fire      0%         3d3       100%        5
 Hydra Form               Tmut           0%         N/A       100%        5
 Irradiate                Conj/Tmut      0%         3d13      100%        5
 Blade Hands              Tmut           0%         N/A       100%        6
 Eringya's Noxious Bog    Tmut/Pois      0%         N/A       100%        6
 Dragon Form              Tmut           0%         N/A       100%        7
 Animate Skeleton         Necr           Unusable   N/A       N/A         1
 Apportation              Tloc           Unusable   N/A       N/A         1
 Corona                   Hex            Unusable   N/A       N/A         1
 Summon Small Mammal      Summ           Unusable   N/A       N/A         1
 Call Imp                 Summ           Unusable   N/A       N/A         2
 Ensorcelled Hibernation  Hex/Ice        Unusable   N/A       N/A         2
 Slow                     Hex            Unusable   N/A       N/A         2
 Call Canine Familiar     Summ           Unusable   N/A       N/A         3
 Confusing Touch          Hex            Unusable   N/A       N/A         3
 Dazzling Flash           Conj/Hex       Unusable   N/A       N/A         3
 Gell's Gravitas          Tloc           Unusable   N/A       N/A         3
 Inner Flame              Hex/Fire       Unusable   N/A       N/A         3
 Lesser Beckoning         Tloc           Unusable   N/A       N/A         3
 Stone Arrow              Conj/Erth      Unusable   3d7       N/A         3
 Summon Guardian Golem    Hex/Summ       Unusable   N/A       N/A         3
 Tukima's Dance           Hex            Unusable   N/A       N/A         3
 Animate Dead             Necr           Unusable   N/A       N/A         4
 Passage of Golubria      Tloc           Unusable   N/A       N/A         4
 Petrify                  Tmut/Erth      Unusable   N/A       N/A         4
 Summon Ice Beast         Ice/Summ       Unusable   N/A       N/A         4
 Summon Lightning Spire   Summ/Air       Unusable   N/A       N/A         4
 Borgnjor's Vile Clutch   Necr/Erth      Unusable   N/A       N/A         5
 Metabolic Englaciation   Hex/Ice        Unusable   N/A       N/A         5
 Summon Forest            Summ/Tloc      Unusable   N/A       N/A         5
 Summon Mana Viper        Hex/Summ       Unusable   N/A       N/A         5
 Yara's Violent Unravell  Hex/Tmut       Unusable   3d3       N/A         5
 Death Channel            Necr           Unusable   N/A       N/A         6
 Dispersal                Tloc           Unusable   N/A       N/A         6
 Shadow Creatures         Summ           Unusable   N/A       N/A         6
 Simulacrum               Ice/Necr       Unusable   N/A       N/A         6
 Statue Form              Tmut/Erth      Unusable   N/A       N/A         6
 Malign Gateway           Summ/Tloc      Unusable   N/A       N/A         7
 Summon Hydra             Summ           Unusable   N/A       N/A         7

Dungeon Overview and Level Annotations

Branches:
Dungeon (15/15)            Temple (0/1) D:5            Lair (6/6) D:9
  Swamp (4/4) Lair:2        Snake (4/4) Lair:2        Slime (5/5) Lair:6
    Orc (2/2) D:10            Elf (2/3) Orc:2        Vaults (0/5) D:14
 Depths (1/5) D:15          IceCv (visited)         Volcano (visited)

Altars:
Ashenzari
Elyvilon
Makhleb
Okawaru
Qazlal
Ru
Trog
Uskayaw
Vehumet
Xom
Yredelemnul
Beogh
Lugonu

Shops:
Orc:2 !!:[   Elf:1 =   Snake:2 ?   Snake:3 [[(   Snake:4 [*

Portals:
Abyss: Slime:4
Pandemonium: Orc:2

Annotations:
D:7 3 runed translucent doors, Dittersdorf's ghost, novice GrFi
D:9 2 transporters, ArcanElement's ghost, novice HuFi
Swamp:3 1 runed translucent door, siradein's ghost, adept DjEE


Innate Abilities, Weirdness & Mutations

Your stone body is resilient. (AC +16)
You are immune to poison.
Your large and strong wings let you fly.
You are clumsy. (Dex -2)
You are dopey. (Int -2)
Your magical capacity is very low. (-20% MP)
You resist negative energy. (rN+)
You occasionally shout uncontrollably at your foes.
You are resistant to electric shocks. (rElec)
You are resistant to unholy torment.
You can survive without breathing.
You are immune to petrification.
You sometimes lose the ability to read scrolls when taking damage.
You cannot be stealthy.
You are hated by all.
You cannot study or cast Earth magic.
You cannot study or cast Hexes magic.
You cannot study or cast Translocations magic.
You tend to lose your temper in combat.
Armour fits poorly on your strangely shaped body.
Your body sometimes deteriorates upon taking damage.
Your flesh is heat resistant. (rF+)
Your muscles are strong. (Str +2)
Potions are less effective at restoring your health.


Message History

The acid blob is stunned by your conviction and fails to attack.
The slime creature is engulfed in blazing flames.
You block the slime creature's attack.
The great orb of eyes is engulfed in blazing flames.
The acid blob is engulfed in blazing flames.
The acid blob begins to attack, but is stunned by your conviction!
The azure jelly is engulfed in blazing flames.
The acid blob is engulfed in blazing flames.
The azure jelly is engulfed in blazing flames.
The rockslime hits you!!
* * * LOW HITPOINT WARNING * * *
You are shoved backwards!
Your system partially rejects the healing.
You feel much better.
You are engulfed in blazing flames.
You resist.
* * * LOW HITPOINT WARNING * * *
The rockslime is engulfed in blazing flames.
The rockslime barely misses you.
The acid blob is engulfed in blazing flames. x2
The acid blob begins to attack, but is stunned by your conviction!
The acid blob is engulfed in blazing flames. x2
The slime creature is engulfed in blazing flames.
The acid blob is engulfed in blazing flames. x2
The acid blob begins to attack, but is stunned by your conviction!
The rockslime is engulfed in blazing flames.
You block the rockslime's attack.
The azure jelly is engulfed in blazing flames.
The great orb of eyes is engulfed in blazing flames.
The rockslime is engulfed in blazing flames.
The azure jelly is engulfed in blazing flames.
The glowing orange brain pulsates.
You are confused.
The rockslime hits you but does no damage.
The acid blob is engulfed in blazing flames.
The rockslime hits you!
* * * LOW HITPOINT WARNING * * *
You are shoved backwards!
The acid blob is engulfed in blazing flames.
The acid blob spits acid at you. The splash of acid hits you. You resist.
You die...

................##
...............##
.§§.............#
###.§§............#.
#...§§§§§..........#
###...§§J§§.........##
##.....§§§§§§J§.......#
##......§§§J§JJ§.....#
#.......§§§§JJ§J@.##
........§§§JJJJJ§..##
.....§..§§§§§GJJ§...#
........§§.§§§§J§..##
........G...§§§§.###
..............#..#
.........<....####
...........####
...........§#


You could see 6 acid blobs, 2 azure jellies, a great orb of eyes, 2 slime
creatures and 6 rockslimes.

Vanquished Creatures
  the Royal Jelly (Slime:5)
  Bai Suzhen (Snake:4)
  Nikola (Elf:1)
  A tentacled monstrosity (Swamp:4)
  20 acid blobs
  A thorn hunter (Swamp:4)
  Donald (Slime:1)
  2 fenstrider witches (Swamp:3)
  8 azure jellies
  4 rockslimes
  14 nagarajas
  Aizul (Snake:1)
  Louise (Swamp:2)
  A reaper (IceCv)
  7 quicksilver oozes
  2 ghouls (Swamp:4)
  A dire elephant (Lair:6)
  8 bunyips
  An ettin (D:15)
  A deep elf death mage (Elf:1)
  Josephine (D:15)
  2 salamander tyrants
  6 eleionomae
  A fire dragon (Depths:1)
  3 shambling mangroves
  The ghost of Tuin the Fighter, a journeyman MiBe of Trog (Lair:2)
  3 great orbs of eyes
  A ghost crab (Swamp:3)
  An ice dragon (D:13)
  Erolcha (Orc:1)
  A vault guard (D:14)
  3 ogre magi
  25 hydras
  2 catoblepae
  11 naga warriors
  6 boulder beetles
  Erica (D:10)
  A merfolk avatar (Lair:6)
  7 two-headed ogres
  A spriggan air mage (Swamp:2)
  17 anacondas
  11 alligators
  2 tengu warriors
  10 centaur warriors
  10 shock serpents
  6 dancing weapons
  8 orc high priests (Orc:2)
  20 naga sharpshooters
  Urug (Lair:2)
  8 deep elf knights (Elf:1)
  2 sun demons (Orc:2)
  3 salamander mystics
  3 goliath frogs
  8 deep elf archers (Elf:1)
  4 spriggan druids
  2 cherubim (D:15)
  A gelid demonspawn (Orc:2)
  A torturous demonspawn (Orc:2)
  11 naga ritualists
  9 swamp dragons
  2 wizards (D:14)
  An infernal demonspawn (Orc:2)
  15 bog bodies
  A lindwurm (Lair:5)
  4 orc knights
  A harpy (Lair:6)
  4 deep elf zephyrmancers (Elf:1)
  14 deep elf pyromancers
  2 necromancers
  6 shining eyes
  A manticore (D:14)
  17 mana vipers
  3 orc sorcerers (Orc:2)
  An ugly thing (D:12)
  6 cyclopes
  An oklob plant (Lair:2)
  3 will-o-the-wisps
  22 elephants
  15 salamanders
  31 black mambas
  Maurice (D:8)
  2 ice statues (IceCv)
  16 naga magi
  14 guardian serpents
  3 eyes of devastation
  5 cane toads
  Psyche (D:8)
  2 gargoyles
  4 rime drakes
  Maggie (D:8)
  15 komodo dragons
  3 efreet
  An unseen horror (D:10)
  A hellwing (Orc:2)
  4 kobold demonologists
  10 ice devils
  A wind drake (Lair:6)
  A bloated husk (Swamp:3)
  A meliai (D:10)
  9 hornets
  A queen bee (Lair:2)
  12 tyrant leeches
  7 polar bears
  4 trolls
  8 dream sheep
  7 blink frogs
  100 slime creatures
  A centaur simulacrum (D:15)
  2 shadows
  An air elemental (Elf:1)
  2 vampires
  5 humans (D:8)
  6 wyverns
  A ynoxinul (Orc:2)
  5 wraiths
  2 fire elementals
  Sigmund (D:5)
  12 golden eyes
  5 spriggans
  72 yaks
  7 basilisks
  5 hogs
  Eustachio (D:5)
  2 steam dragons
  17 vampire mosquitoes
  A neqoxec (Orc:2)
  7 wargs
  49 nagas
  2 acid dragons
  A harpy simulacrum (D:15)
  12 swamp worms
  Duvessa (D:6)
  14 water moccasins
  3 hornet zombies
  40 orc warriors
  4 black bears (D:9)
  2 ice beasts (D:7)
  A sky beast (D:6)
  6 swamp drakes (Swamp:4)
  14 wolves
  10 ogres
  A necrophage (Swamp:4)
  20 centaurs
  A phantom (D:5)
  4 kobold brigands
  12 bullfrogs
  A gnoll sergeant (D:9)
  A wyvern zombie (D:6)
  4 scorpions
  Dowan (D:6)
  An earth elemental (Elf:1)
  A hornet simulacrum (D:15)
  2 water moccasin skeletons
  27 killer bees
  3 wights (D:7)
  3 electric eels
  5 crimson imps
  2 bullfrog zombies (D:6)
  3 centaur zombies
  A lava snake (D:14)
  4 hounds
  22 orc priests
  6 jellies
  2 centaur skeletons
  Crazy Yiuf (D:5)
  5 bullfrog skeletons
  Ijyb (D:5)
  A gnoll shaman (D:7)
  21 orc wizards
  2 iguanas (D:6)
  12 hell rats
  3 yak simulacra (Lair:4)
  3 polar bear simulacra (Lair:4)
  2 wolf simulacra (Lair:4)
  2 killer bee zombies
  A hound skeleton (D:5)
  Robin (D:4)
  18 gnolls
  6 adders
  8 white imps (IceCv)
  7 ufetubi (IceCv)
  An adder skeleton (D:4)
  4 worms
  2 dart slugs (D:3)
  77 orcs
  7 endoplasms
  2 giant cockroaches (D:3)
  14 goblins
  7 hobgoblins
  9 jackals
  14 kobolds
  4 quokkas
  3 ball pythons
  5 bats
  4 frilled lizards
  2 rats (D:3)
  3 river rat simulacra (Lair:4)
  A bush (Lair:2)
1370 creatures vanquished.

Vanquished Creatures (others)
  Vashnia (Snake:2)
  A boulder beetle (D:14)
  6 hydras
  A two-headed ogre (D:14)
  An orc knight (Orc:2)
  3 deep elf zephyrmancers (Elf:1)
  2 slime creatures
  A cane toad (Lair:2)
  A tyrant leech (Swamp:3)
  A bloated husk (Swamp:4)
  2 yaks
  A golden eye (Slime:5)
  2 swamp worms
  A naga (Snake:3)
  A swamp drake (Swamp:4)
  3 centaurs
  A bullfrog (Lair:2)
  4 white imps (IceCv)
  3 ufetubi (IceCv)
  4 orcs
  14 foxfires
  23 fungi
  2 lurking horrors (Slime:4)
  73 plants
152 creatures vanquished.

Grand Total: 1522 creatures vanquished

Notes
Turn   | Place    | Note
-------+----------+-------------------------------------------
     0 | D:1      | Starbright the Gargoyle Fighter began the quest for the
                  | Orb.
     0 | D:1      | Reached XP level 1. HP: 14/14 MP: 1/1
    84 | D:1      | Reached XP level 2. HP: 19/19 MP: 2/2
  1045 | D:2      | Reached XP level 3. HP: 14/23 MP: 3/3
  1960 | D:2      | Reached XP level 4. HP: 28/29 MP: 4/4
  2543 | D:3      | Found a stormy altar of Qazlal.
  2623 | D:3      | Found a sacrificial altar of Ru.
  2817 | D:3      | Became a worshipper of Ru the Awakened
  3176 | D:3      | Reached XP level 5. HP: 32/33 MP: 5/5
  3187 | D:3      | Reached skill level 4 in Fighting
  3992 | D:4      | Found a broken altar of Ashenzari.
  4003 | D:4      | Reached XP level 6. HP: 34/39 MP: 6/6
  4131 | D:4      | Found a radiant altar of Vehumet.
  4313 | D:4      | Identified the +0 pair of boots "Cutuk" {MP+9 Int+4}
  4317 | D:4      | Noticed Robin
  4352 | D:4      | Killed Robin
  4790 | D:4      | Gained mutation: You are hated by all. [Ru sacrifice]
  4790 | D:4      | Reached * piety under Ru
  4810 | D:5      | Entered Level 5 of the Dungeon
  4818 | D:5      | Noticed Sigmund
  4827 | D:5      | Killed Sigmund
  4828 | D:5      | Reached XP level 7. HP: 44/44 MP: 7/7
  4842 | D:5      | Reached skill level 5 in Maces & Flails
  4842 | D:5      | Reached skill level 5 in Shields
  4863 | D:5      | Reached skill level 5 in Fighting
  4863 | D:5      | Reached skill level 5 in Armour
  4902 | D:5      | Noticed Eustachio
  5109 | D:5      | Killed Eustachio
  5235 | D:5      | Reached XP level 8. HP: 44/49 MP: 8/8
  5302 | D:5      | Found a staircase to the Ecumenical Temple.
  5716 | D:5      | Noticed Ijyb
  5727 | D:5      | Killed Ijyb
  5743 | D:5      | Identified 2 scrolls of acquirement
  5743 | D:5      | Acquired a manual of Fighting
  5745 | D:5      | Acquired 974 gold pieces
  6155 | D:5      | Reached skill level 6 in Fighting
  6217 | D:5      | Found a runed translucent door.
  6218 | D:5      | Noticed Crazy Yiuf
  6228 | D:5      | Killed Crazy Yiuf
  6459 | D:6      | Noticed Duvessa
  6459 | D:6      | Noticed Dowan
  6472 | D:6      | Killed Duvessa
  6488 | D:6      | Killed Dowan
  6637 | D:6      | Reached XP level 9. HP: 55/56 MP: 9/9
  6662 | D:6      | Reached skill level 7 in Fighting
  7115 | D:6      | Found a burning altar of Makhleb.
  7553 | D:7      | Reached skill level 8 in Fighting
  7740 | D:7      | Found a runed translucent gate.
  7740 | D:7      | Found a runed translucent gate.
  7740 | D:7      | Found a runed translucent gate.
  7740 | D:7      | Noticed Dittersdorf's ghost (novice GrFi)
  8108 | D:7      | Gained mutation: Your magical capacity is low. (-10% MP)
                  | [Ru sacrifice]
  8108 | D:7      | Reached ** piety under Ru
  8373 | D:8      | Noticed a gargoyle
  8385 | D:8      | Killed a gargoyle
  8386 | D:8      | Reached skill level 9 in Fighting
  8388 | D:8      | Noticed Psyche
  8391 | D:8      | Reached XP level 10. HP: 66/66 MP: 9/9
  8395 | D:8      | Killed Psyche
  8400 | D:8      | Noticed Maggie
  8406 | D:8      | Killed Maggie
  8472 | D:8      | Noticed Maurice
  8524 | D:8      | Killed Maurice
  8525 | D:8      | Reached skill level 10 in Fighting
  8652 | D:8      | Reached skill level 10 in Maces & Flails
  9005 | D:8      | Found a bloodstained altar of Trog.
  9335 | D:9      | Reached XP level 11. HP: 60/73 MP: 9/9
  9453 | D:9      | Found a white marble altar of Elyvilon.
  9534 | D:9      | Reached skill level 11 in Fighting
  9673 | D:9      | Found a staircase to the Lair.
  9944 | D:9      | Noticed ArcanElement's ghost (novice HuFi)
  9970 | D:9      | Found a transporter.
  9979 | D:9      | Found a transporter.
 10115 | D:9      | Gained mutation: You cannot be stealthy. [Ru sacrifice]
 10428 | Lair:1   | Entered Level 1 of the Lair of Beasts
 10452 | Lair:1   | Noticed a five-headed hydra
 10465 | Lair:1   | Killed a five-headed hydra
 10753 | Lair:1   | Noticed a five-headed hydra
 10763 | Lair:1   | Killed a five-headed hydra
 10787 | Lair:1   | Reached skill level 12 in Fighting
 11976 | Lair:2   | Noticed an eight-headed hydra
 12155 | Lair:1   | Killed an eight-headed hydra
 12156 | Lair:1   | Reached skill level 10 in Armour
 12156 | Lair:1   | Reached skill level 10 in Shields
 12156 | Lair:1   | Reached XP level 12. HP: 39/82 MP: 10/10
 12882 | Lair:2   | Noticed a seven-headed hydra
 12906 | Lair:2   | Found a runed translucent gate.
 12906 | Lair:2   | Found a runed translucent gate.
 12907 | Lair:2   | Noticed a five-headed hydra
 12909 | Lair:2   | Found a runed translucent gate.
 12919 | Lair:2   | Noticed Tuin's ghost (journeyman MiBe)
 12925 | Lair:2   | Noticed Urug
 13304 | Lair:2   | Found a staircase to the Snake Pit.
 13342 | Lair:2   | Gained mutation: You sometimes lose the ability to read
                  | scrolls when taking damage. [Ru sacrifice]
 13342 | Lair:2   | Reached *** piety under Ru
 13827 | Lair:2   | Found a staircase to the Swamp.
 13910 | Lair:2   | Noticed a five-headed hydra
 13919 | Lair:2   | Killed a five-headed hydra
 14076 | Lair:2   | Identified the Collected Works on Transmigration and
                  | Poisoning
 14085 | Lair:2   | Identified the +5 rapier of the Harvest {speed, rPois MP+9}
 14444 | Lair:2   | Killed Urug
 14445 | Lair:2   | Reached skill level 13 in Fighting
 14585 | Lair:3   | Found a dark tunnel.
 14590 | Volcano  | Entered a volcano
 14842 | Lair:3   | Reached XP level 13. HP: 88/88 MP: 11/11
 15422 | Lair:4   | Reached skill level 14 in Fighting
 15522 | Lair:4   | Noticed Kirke
 15844 | Lair:3   | Noticed Kirke
 15844 | Lair:3   | Kirke changed into Kirke the hog
 15850 | Lair:3   | Killed Kirke the hog
 15976 | Lair:4   | Gained mutation: You cannot study or cast Earth magic. [Ru
                  | sacrifice]
 15976 | Lair:4   | Gained mutation: You cannot study or cast Hexes magic. [Ru
                  | sacrifice]
 15976 | Lair:4   | Gained mutation: You cannot study or cast Translocations
                  | magic. [Ru sacrifice]
 15976 | Lair:4   | Reached **** piety under Ru
 15976 | Lair:4   | Reached ***** piety under Ru
 18510 | Lair:6   | Entered Level 6 of the Lair of Beasts
 18555 | Lair:6   | Gained mutation: You are clumsy. (Dex -2) [Ru sacrifice]
 19044 | Lair:6   | Gained mutation: Your large and strong wings let you fly.
                  | [Gargoyle growth]
 19044 | Lair:6   | Reached XP level 14. HP: 96/96 MP: 12/12
 19510 | Lair:6   | Reached skill level 15 in Shields
 19578 | Lair:6   | Noticed a dire elephant
 19722 | Lair:6   | Reached skill level 1 in Evocations
 20008 | Lair:6   | Killed a dire elephant
 20448 | Lair:6   | Reached skill level 15 in Fighting
 20533 | Lair:6   | Found a staircase to the Slime Pits.
 20863 | Lair:6   | Identified the ring of the Circus Animal {+Blink rC+ Str+5
                  | SInv}
 21017 | Lair:6   | Gained mutation: You occasionally shout uncontrollably at
                  | your foes. [Ru sacrifice]
 21251 | D:10     | Entered Level 10 of the Dungeon
 21335 | D:10     | Identified the +10 mace of the Witching Blowfly {vamp, Fly
                  | rPois rF+ Str-2}
 21444 | D:10     | Found a staircase to the Orcish Mines.
 21639 | D:10     | Paralysed by an ogre mage for 5 turns
 21933 | D:10     | Identified the +0 dagger of the Absolute Madman {vorpal,
                  | *Corrode Fly Will+ SInv}
 22111 | D:10     | Noticed Erica
 22121 | D:10     | Killed Erica
 22288 | D:10     | Identified the +8 morningstar "Digafiak" {freeze, Will-
                  | Int+5}
 22703 | D:11     | Reached XP level 15. HP: 96/103 MP: 13/13
 22815 | D:11     | Gained mutation: Your magical capacity is very low. (-20%
                  | MP) [Ru sacrifice]
 23304 | D:11     | Identified the +0 robe of Ennui {rC+ Int+3 Dex+6}
 23401 | D:12     | Identified the +8 hunting sling of Foolhardiness {venom,
                  | rElec rPois Stlth-}
 23570 | D:12     | Reached skill level 5 in Evocations
 23670 | D:12     | Found a shimmering altar of Xom.
 24139 | D:13     | Found a frozen archway.
 24302 | IceCv    | Entered an ice cave
 24487 | IceCv    | Reached skill level 16 in Fighting
 24504 | IceCv    | Identified the Disquisition on Evil Translocation
 24924 | Swamp:1  | Entered Level 1 of the Swamp
 25486 | Lair:2   | Gained mutation: You are dopey. (Int -2) [Ru sacrifice]
 25486 | Lair:2   | Reached ****** piety under Ru
 25590 | Lair:2   | Killed Tuin's ghost
 25784 | Snake:1  | Entered Level 1 of the Snake Pit
 26319 | Orc:1    | Entered Level 1 of the Orcish Mines
 26538 | Orc:2    | Entered Level 2 of the Orcish Mines
 26769 | Orc:1    | Noticed Erolcha
 26785 | Orc:1    | Killed Erolcha
 26890 | Orc:1    | You are sucked into a shaft and drop 1 floor!
 26890 | Orc:2    | Found a staircase to the Elven Halls.
 26984 | Orc:2    | Reached XP level 16. HP: 111/111 MP: 12/12
 27131 | Orc:2    | Found Mueseug's Distillery.
 27132 | Orc:2    | Found Apnethroi's Distillery.
 27303 | Orc:2    | Bought a potion of flight for 42 gold pieces
 27306 | Orc:2    | Bought a potion of berserk rage for 70 gold pieces
 27938 | Orc:2    | Reached skill level 17 in Fighting
 28223 | Orc:2    | Found Yskus's Book Shoppe.
 28223 | Orc:2    | Found Xezurghea's Antique Armour Emporium.
 28224 | Orc:2    | Found a one-way gate leading to the halls of Pandemonium.
 28228 | Orc:2    | Bought a runed plate armour for 702 gold pieces
 28272 | Orc:2    | Bought a potion of curing for 42 gold pieces
 28272 | Orc:2    | Bought a potion of heal wounds for 70 gold pieces
 28272 | Orc:2    | Bought a potion of curing for 42 gold pieces
 28272 | Orc:2    | Bought a potion of curing for 42 gold pieces
 28272 | Orc:2    | Bought a potion of curing for 42 gold pieces
 28272 | Orc:2    | Bought a potion of heal wounds for 70 gold pieces
 28274 | Orc:2    | Bought a potion of haste for 140 gold pieces
 28274 | Orc:2    | Bought a potion of resistance for 140 gold pieces
 28274 | Orc:2    | Bought 2 potions of resistance for 280 gold pieces
 28274 | Orc:2    | Bought a potion of might for 56 gold pieces
 29318 | Snake:1  | Reached skill level 15 in Armour
 29403 | Snake:2  | Noticed a nagaraja
 29412 | Snake:2  | Noticed Aizul
 29436 | Snake:1  | Killed Aizul
 29500 | Snake:2  | Noticed a nagaraja
 29500 | Snake:2  | Noticed a nagaraja
 29502 | Snake:2  | Killed a nagaraja
 29503 | Snake:2  | Killed a nagaraja
 29503 | Snake:2  | Killed a nagaraja
 29503 | Snake:2  | Noticed a nagaraja
 29514 | Snake:2  | Killed a nagaraja
 29532 | Snake:2  | Noticed Vashnia
 29673 | Snake:2  | Noticed a nagaraja
 29684 | Snake:2  | Killed a nagaraja
 29694 | Snake:2  | Killed Vashnia
 29695 | Snake:2  | Reached XP level 17. HP: 101/119 MP: 13/13
 29910 | Snake:2  | You are sucked into a shaft and drop 1 floor!
 29972 | Snake:3  | Reached skill level 10 in Evocations
 30213 | Snake:3  | Reached skill level 18 in Fighting
 30625 | Snake:2  | Found Uveteg's Magic Scroll Emporium.
 30633 | Snake:2  | Bought a scroll of acquirement for 624 gold pieces
 30633 | Snake:2  | Bought a scroll of identify for 24 gold pieces
 30633 | Snake:2  | Bought a scroll of identify for 24 gold pieces
 30636 | Snake:2  | Acquired 962 gold pieces
 30644 | Snake:2  | Bought a scroll of fog for 24 gold pieces
 30644 | Snake:2  | Bought a scroll of teleportation for 36 gold pieces
 30644 | Snake:2  | Bought a scroll of enchant weapon for 90 gold pieces
 30644 | Snake:2  | Bought a scroll of silence for 90 gold pieces
 30644 | Snake:2  | Bought a scroll of silence for 90 gold pieces
 31518 | Snake:3  | Found Omumal's Armour Emporium.
 31528 | Snake:3  | Found Donter's Antique Armour Shoppe.
 31530 | Snake:3  | Found Tapsakk's Antique Weapon Emporium.
 31942 | Snake:4  | Entered Level 4 of the Snake Pit
 32541 | Snake:4  | Identified the Reference Book on the Enchanting Voyage
 32875 | Snake:4  | Reached XP level 18. HP: 127/127 MP: 14/14
 32925 | Snake:4  | Found Zecliysij's General Store.
 33374 | Snake:4  | Bought a scroll of enchant weapon for 75 gold pieces
 33374 | Snake:4  | Bought a scroll of teleportation for 30 gold pieces
 33374 | Snake:4  | Bought a wand of polymorph (7) for 90 gold pieces
 33374 | Snake:4  | Found Sorpheolo's Armour Boutique.
 33394 | Snake:4  | Reached skill level 19 in Fighting
 34187 | Snake:4  | Got a serpentine rune of Zot
 34297 | Snake:4  | Noticed Bai Suzhen
 34339 | Snake:4  | Killed Bai Suzhen
 36804 | D:14     | Found a hide-covered altar of Uskayaw.
 37099 | D:14     | Found a gate to the Vaults.
 37221 | D:15     | Entered Level 15 of the Dungeon
 37522 | D:15     | Noticed Josephine
 37529 | D:15     | Killed Josephine
 37530 | D:15     | Reached skill level 20 in Fighting
 38132 | D:15     | Reached XP level 19. HP: 135/135 MP: 15/15
 38172 | D:15     | Found a staircase to the Depths.
 38305 | Depths:1 | Entered Level 1 of the Depths
 38317 | Depths:1 | Found an iron altar of Okawaru.
 39874 | Swamp:2  | Noticed Louise
 39891 | Swamp:2  | Killed Louise
 40044 | Swamp:2  | Acquired 1118 gold pieces
 40140 | Swamp:2  | Identified the +10 dire flail of Peace {speed, rC+ rN+}
 40820 | Swamp:3  | Paralysed by a fenstrider witch for 5 turns
 41493 | Swamp:3  | Found a runed translucent door.
 41495 | Swamp:3  | Noticed siradein's ghost (adept DjEE)
 41676 | Swamp:4  | Entered Level 4 of the Swamp
 41827 | Swamp:4  | Reached skill level 21 in Fighting
 41831 | Swamp:4  | Noticed a tentacled monstrosity
 41843 | Swamp:4  | Killed a tentacled monstrosity
 41869 | Swamp:4  | Identified the +3 ring mail "Buwnenaf" {rC+ Str+2}
 42520 | Swamp:4  | Reached XP level 20. HP: 132/144 MP: 16/16
 42741 | Swamp:4  | Got a decaying rune of Zot
 43074 | Slime:1  | Entered Level 1 of the Pits of Slime
 43341 | Slime:1  | Gained mutation: Your spells are a little easier to cast,
                  | but a little less powerful. [a shining eye]
 43344 | Slime:1  | Gained mutation: You are very dopey. (Int -4) [a shining
                  | eye]
 43349 | Slime:1  | Gained mutation: Armour fits poorly on your strangely
                  | shaped body. [a shining eye]
 43718 | Slime:1  | Lost mutation: You are very dopey. (Int -4) [potion of
                  | mutation]
 43718 | Slime:1  | Lost mutation: Your spells are a little easier to cast, but
                  | a little less powerful. [potion of mutation]
 43718 | Slime:1  | Gained mutation: Your body sometimes deteriorates upon
                  | taking damage. [potion of mutation]
 43718 | Slime:1  | Gained mutation: Your flesh is heat resistant. (rF+)
                  | [potion of mutation]
 43718 | Slime:1  | Gained mutation: Your muscles are strong. (Str +2) [potion
                  | of mutation]
 44923 | Slime:4  | Reached skill level 22 in Fighting
 45180 | Slime:5  | Entered Level 5 of the Pits of Slime
 45814 | Slime:5  | Paralysed by a great orb of eyes for 5 turns
 45820 | Slime:4  | Paralysed by a great orb of eyes for 5 turns
 45950 | Slime:5  | Paralysed by a great orb of eyes for 5 turns
 46077 | Slime:5  | Noticed the Royal Jelly
 46168 | Slime:2  | Noticed Donald
 46266 | Slime:1  | Killed Donald
 46291 | Slime:2  | Gained mutation: You tend to lose your temper in combat. [a
                  | shining eye]
 47338 | Slime:4  | Gained mutation: Potions are less effective at restoring
                  | your health. [a shining eye]
 47755 | Slime:4  | Found a one-way gate to the infinite horrors of the Abyss.
 47903 | Slime:4  | Found a corrupted altar of Lugonu.
 48513 | Slime:5  | Paralysed by a great orb of eyes for 6 turns
 48707 | Slime:4  | Reached XP level 21. HP: 130/152 MP: 16/16
 49362 | Elf:1    | Entered Level 1 of the Elven Halls
 49575 | Elf:1    | Found Xuholegg's Jewellery Shoppe.
 49699 | Elf:1    | Identified the +10 falchion "Orb Guardian's Foe" {vorpal,
                  | rPois rF+++ MP-9 Str-2}
 50087 | Elf:1    | Reached skill level 23 in Fighting
 50388 | Elf:1    | Noticed Nikola
 50402 | Elf:1    | Killed Nikola
 51046 | Slime:5  | Killed the Royal Jelly
 51197 | Slime:5  | HP: 3/146 [rockslime[the Royal Jelly] (22)]
 51198 | Slime:5  | Killed from afar by an acid blob

Illustrated notes

Levels and vault maps discovered:
D:1:      dpeg_arrival_fog, layout_basic
D:2:      layout_basic
D:3:      layout_basic, nicolae_qazlal_scattered_showers,
          nicolae_ru_path_of_blood, minmay_circle_x
D:4:      layout_rooms, nicolae_vehumet_radiance, nicolae_ashenzari_skybound,
          uniq_robin
D:5:      layout_basic, minmay_temple_entry_wispy, kennysheep_another_room,
          minmay_misc_feat_more_columns, kennysheep_generic_room_7,
          uniq_sigmund, uniq_ijyb, uniq_crazy_yiuf_cottage, uniq_eustachio
D:6:      layout_basic, makhleb_grotto_becter, minmay_crossroads, uniq_duvessa
D:7:      layout_basic, nicolae_yredelemnul_ghost_church
D:8:      layout_cave_pools, old_standard_altar, minmay_ruffians, uniq_maggie,
          uniq_psyche, uniq_maurice
D:9:      layout_irregular_city, elyvilon_altar_4,
          grunt_lair_entry_orc_guard_hut, gammafunk_ghost_hive,
          small_statue_intersection
D:10:     minmay_tri_box, layout_irregular_city, hiddenorc1_lemuel, uniq_erica
D:11:     layout_gridville, lightli_wizard_tower
D:12:     layout_loops_ring, led_xom_imps
D:13:     layout_layer_cave, portal_ice_cave_entry_animals_and_master,
          serial_glass, glass_columns_b, glass_columns_b, drop_trap
D:14:     layout_long_grid, david_vaults_5, nicolae_uskayaw_suspiria,
          corexii_checkpoint_a, kennysheep_decorative_pillar,
          grunt_ministairs_9, drop_trap, nrook_campfire, hangedman_ranch
          [blue_anna_fruit_fields]
D:15:     grunt_enter_depths_magical_seal, layout_cave_pools,
          grunt_decor_arrowhead, pf_eden, uniq_josephine
Lair:1:   layout_cellular_growth
Lair:2:   layout_gridlike, nicolae_swamp_entry_splash_gauntlet,
          minmay_snake_entry_guardpost_medium, gammafunk_ghost_split,
          special_room [special_room_bee], minmay_lair_oklob_bushes,
          eino_small_chamber_without_monster, st_stairs_6, lemuel_fruit_tree,
          uniq_urug
Lair:3:   layout_long_grid, enter_volcano_4, grunt_megastairs_2
Lair:4:   layout_cave_pods, eino_house_with_fridge, uniq_kirke
Lair:5:   layout_cave_pods
Lair:6:   gammafunk_lair_ancient_temple, layout_gridlike,
          minmay_slime_entry_pillars, serial_bayou_shore_b, grunt_megastairs_5,
          serial_bayou_shore_a
Swamp:1:  nicolae_swamp_long_stream, layout_basic_swamp,
          evilmike_swamp_ruin_house_3, swamp_pool1, nicolae_swamp_treefoil
Swamp:2:  layout_basic_swamp, evilmike_swamp_ruin_rubble_1, uniq_louise
Swamp:3:  layout_falls_marsh, ebering_ghost_inner_flame,
          evilmike_swamp_ruin_house_6, swamp_pool5,
          nicolae_swamp_very_dense_foliage
Swamp:4:  swamp_basic_johnstein, layout_basic_swamp
Snake:1:  layout_rooms, drop_trap, grunt_megastairs_1
Snake:2:  nicolae_aizul_guard, layout_grid_shapes, serial_shops, shop_scrolls,
          uniq_aizul, uniq_vashnia
Snake:3:  layout_onion, minmay_shop_star
Snake:4:  grunt_snake_rune_serpentine_throne, layout_rooms, minmay_shoptagon,
          uniq_bai_suzhen
Slime:1:  layout_caves
Slime:2:  layout_caves, uniq_donald
Slime:3:  layout_caves
Slime:4:  layout_caves, amcnicky_altar_lugonu_corruption
Slime:5
Orc:1:    layout_caves, nicolae_orc_lost_temple, uniq_erolcha
Orc:2:    pf_orc_diabolical, layout_diamond_mine, nicolae_orc_jurassic_orc,
          nooodl_orcs_dogs
Elf:1:    layout_gridlike, serial_shops, nicolae_shop_behind_doors,
          hangedman_elven_crosses_minicolossus, uniq_nikola
Elf:2:    layout_loops_cross, serial_shops, shop, uniq_saint_roka
Depths:1: minmay_heptahexagon, layout_cave_pools, hell_entry,
          okawaru_ov_weapons_minmay, grunt_gozag_breadcrumbs

Skill      XL: |  1  2  3  4  5  6  7  8  9 10 11 12 13 14 15 16 17 18 19 20 21 |
---------------+----------------------------------------------------------------+-----
Maces & Flails | 3 4 5 7 9 10 12 14 | 14.0
Shields        | 4 5 6 7 8 10 13 15 | 15.0
Armour         | 4 5 6 7 8 10 11 12 14 15 16 18 19 21 | 21.9
Fighting       | 4 5 6 9 10 12 13 14 15 16 17 18 20 21 22 23 | 23.3
Evocations     | 4 7 9 11 12 | 12.0

Action                   |  1- 3 |  4- 6 |  7- 9 | 10-12 | 13-15 | 16-18 | 19-21 || total
-------------------------+-------+-------+-------+-------+-------+-------+-------++-------
Melee: Flail             |   120 |   251 |   238 |   701 |   883 |       |       ||  2193
       Mace              |       |       |   106 |       |   141 |       |       ||   247
       Unarmed           |       |       |       |       |     5 |       |       ||     5
       Morningstar       |       |       |       |       |   531 |  1106 |  1116 ||  2753
Throw: Dart              |     7 |    12 |    35 |    39 |     9 |     1 |       ||   103
       Boomerang         |       |       |       |       |       |    17 |       ||    17
Invok: Sacrifice Love    |       |     1 |       |       |       |       |       ||     1
       Sacrifice Essence |       |       |     1 |       |     1 |       |       ||     2
       Sacrifice Stealth |       |       |       |     1 |       |       |       ||     1
       Sacrifice Words   |       |       |       |     1 |       |       |       ||     1
       Sacrifice Purity  |       |       |       |       |     3 |       |       ||     3
       Power Leap        |       |       |       |       |     1 |     2 |     2 ||     5
       Sacrifice Arcana  |       |       |       |       |     1 |       |       ||     1
       Apocalypse        |       |       |       |       |       |     4 |     1 ||     5
       Draw Out Power    |       |       |       |       |       |     2 |     2 ||     4
 Abil: Evoke Blink       |       |       |       |       |       |       |     1 ||     1
Evoke: Wand              |       |       |     3 |    22 |       |     8 |     8 ||    41
       Condenser vane    |       |       |       |       |       |     4 |     5 ||     9
       Phial of floods   |       |       |       |       |       |       |     1 ||     1
       Tin of tremorston |       |       |       |       |       |       |     4 ||     4
  Use: Scroll            |       |     1 |     7 |     3 |    15 |     4 |     5 ||    35
       Potion            |       |       |       |     1 |       |     5 |    19 ||    25
 Stab: Distracted        |       |       |     1 |       |     3 |     6 |     3 ||    13
       Invisible         |       |       |       |     1 |     3 |     3 |     3 ||    10
       Petrified         |       |       |       |       |     6 |       |       ||     6
       Paralysed         |       |       |       |       |     1 |    10 |     2 ||    13
Armor: Scale mail        |    66 |   138 |       |       |       |       |       ||   204
       Chain mail        |       |    59 |   122 |       |       |       |       ||   181
       Plate armour      |       |       |    24 |   415 |   696 |   423 |       ||  1558
       Storm dragon scal |       |       |       |       |       |   138 |   638 ||   776
Dodge: Dodged            |    41 |    93 |    46 |   167 |   261 |   281 |   294 ||  1183
Block: Kite shield       |    66 |   195 |   257 |   790 |  1442 |  1208 |   895 ||  4853
       Reflection        |       |       |     1 |    24 |    40 |   143 |    34 ||   242

Table legend: (Time is in decaauts)
 A = Elapsed time spent in this place.
 B = Non-inter-level travel time spent in this place.
 C = Inter-level travel time spent in this place.
 D = Time resting spent in this place.
 E = Time spent auto-exploring this place.
 F = Levels seen in this place.
 G = Mean time per level.
                   A        B        C        D        E       F      G
               +--------+--------+--------+--------+--------+-----+--------+
         Total |  51023 |  47133 |   3890 |  10925 |  25311 |  41 | 1244.5 |
       Dungeon |  17869 |  16617 |   1252 |   2234 |  10982 |  15 | 1191.3 |
          Lair |  12684 |  10990 |   1694 |   2587 |   5944 |   6 | 2114.0 |
         Swamp |   4285 |   4110 |    175 |    767 |   2321 |   4 | 1071.2 |
     Snake Pit |   6487 |   6200 |    287 |   2023 |   2652 |   4 | 1621.8 |
    Slime Pits |   5811 |   5519 |    292 |   2655 |   1636 |   5 | 1162.2 |
  Orcish Mines |   2133 |   1997 |    136 |    477 |    909 |   2 | 1066.5 |
   Elven Halls |   1342 |   1291 |     51 |    178 |    727 |   2 |  671.0 |
        Depths |     70 |     70 |      0 |      0 |     29 |   1 |   70.0 |
      Ice Cave |    335 |    335 |      0 |      2 |    109 |   1 |  335.0 |
       Volcano |      4 |      4 |      0 |      0 |      1 |   1 |    4.0 |
               +--------+--------+--------+--------+--------+-----+--------+

Top non-repeatable levels by time:
  Lair:2: 3056 daAuts
  Lair:1: 2882 daAuts
  Lair:6: 2511 daAuts
 Slime:4: 2142 daAuts
 Snake:4: 2067 daAuts
  Lair:5: 1995 daAuts
 Snake:3: 1747 daAuts
     D:3: 1637 daAuts
 Slime:1: 1586 daAuts
   Orc:2: 1470 daAuts
    D:14: 1414 daAuts
     D:5: 1405 daAuts
     D:4: 1390 daAuts
    D:13: 1387 daAuts
     D:9: 1386 daAuts
